 Dungeon Crawl Stone Soup version 0.31-a0-202-g547052bce9 (webtiles) character file.

Game seed: 15380208154438934156

354 lunkers the Covered (level 7, -1/52 HPs)
             Began as a Meteoran Wanderer on June 26, 2023.
             Was an Initiate of Gozag.
             Slain by a gnoll
             ... wielding a +0 flail
              (8 damage)
             ... on level 4 of the Dungeon.
             The game lasted 00:03:38 (1602 turns).

lunkers the Covered (Meteoran Wanderer)             Turns: 1602, Time: 00:03:39

Health: -1/52      AC: 15    Str: 19    XL:     7   Next: 17%
Magic:  10/10      EV:  9    Int: 13    God:    Gozag
Gold:   376        SH:  5    Dex: 16    Spells: 8/8 levels left

rFire   . . .        b - +4 long sword "Cinops" {heavy, rElec Dex+3}
rCold   . . .        (no shield)
rNeg    . . .        l - +2 scale mail
rPois   .            m - +1 helmet
rElec   +            (no cloak)
rCorr   .            (no gloves)
SInv    .            e - +2 pair of boots
Will    .....        j - amulet of Propriety {Reflect Str+2 SH+5} Stlth
                     (no ring)
HPRegen 0.28/turn    (no ring)
MPRegen 0.12/turn

%: reflection
@: glowing
A: sense surroundings 1, otherworldly, glowing, explore regen
a: Renounce Religion, Potion Petition, Call Merchant, Bribe Branch


You were on level 4 of the Dungeon.
You worshipped Gozag.
Gozag was aware of your devotion.
You visited 1 branch of the dungeon, and saw 4 of its levels.
You also visited: Sewer.

You collected 410 gold pieces.
You paid 34 gold pieces to Gozag.

Inventory:

Hand Weapons
 a - a +0 short sword
 b - the +4 long sword "Cinops" (weapon) {heavy, rElec Dex+3}
   (You found it on level 3 of the Dungeon)

   Dex:       It affects your dexterity (+3).
   rElec:     It insulates you from electricity.
 f - a +4 dagger
 o - a +2 dagger of draining
Armour
 e - a +2 pair of boots (worn)
 l - a +2 scale mail (worn)
 m - a +1 helmet (worn)
Jewellery
 j - the amulet of Propriety (around neck) {Reflect Str+2 SH+5}
   (You took it off a kobold on level 2 of the Dungeon)

   [amulet of reflection]

   It reflects blocked missile attacks.
   Str:       It affects your strength (+2).
   SH:        It affects your SH (+5).
Wands
 i - a wand of digging (5)
Scrolls
 n - a scroll of teleportation
 r - a scroll of vulnerability {unknown}
Potions
 c - a potion of lignification
 d - 3 potions of heal wounds
 g - a potion of berserk rage
 h - a potion of brilliance
 k - a potion of enlightenment {unknown}
 p - a potion of invisibility {unknown}
 q - a potion of resistance {unknown}


   Skills:
 - Level 1.1 Fighting
 - Level 6.0(6.5) Short Blades
 + Level 4.1(5.9) Long Blades
 - Level 6.0 Armour
 - Level 1.0 Stealth
 - Level 1.3 Spellcasting
 - Level 1.2 Invocations


You had 8 spell levels left.
You didn't know any spells.
Your spell library was empty.

Dungeon Overview and Level Annotations

Branches:
Dungeon (4/15) Zot: 972     Sewer (visited)
 Temple: D:4-7

Altars:
Gozag

Shops:
D:1 [


Innate Abilities, Weirdness & Mutations

You passively map a small area around you.
You are easily found by Zot.
You glow in the dark.
You regain HP and MP as you explore.


Message History

The gnoll is almost dead.
The ball python is no longer distracted by gold.
The gnoll closely misses you. The gnoll hits you with a +0 flail.
The gnoll hits you with a +0 whip!
* * * LOW HITPOINT WARNING * * *
The gnoll misses you. The gnoll hits you but does no damage.
The gnoll barely misses you. The gnoll completely misses you.
The gnoll hits you but does no damage.
You slash the gnoll!
You kill the gnoll!
The gnoll hits you but does no damage. x2; The gnoll hits you with a +0 flail.
* * * LOW HITPOINT WARNING * * *
The gnoll hits you but does no damage. x2; The gnoll completely misses you.
You closely miss the gnoll.
The gnoll is distracted by your dazzling golden aura.
The gnoll hits you but does no damage. The gnoll hits you with a +0 flail.
* * * LOW HITPOINT WARNING * * *
The gnoll shouts!
You barely miss the gnoll. The gnoll hits you with a +0 whip.
* * * LOW HITPOINT WARNING * * *
The gnoll hits you but does no damage.
The ball python is distracted by your dazzling golden aura.
The gnoll hits you but does no damage. The gnoll hits you with a +0 flail.
* * * LOW HITPOINT WARNING * * *
The ball python hisses angrily.
You slash the gnoll!
The gnoll is severely wounded.
The gnoll is no longer distracted by gold.
The ball python is no longer distracted by gold.
You block the gnoll's attack. The gnoll barely misses you.
The gnoll misses you. The gnoll hits you with a +0 flail!
* * * LOW HITPOINT WARNING * * *
The gnoll barely misses you. The gnoll hits you but does no damage.
You barely miss the gnoll.
The gnoll is severely wounded.
The gnoll hits you with a +0 flail.
* * * LOW HITPOINT WARNING * * *
The gnoll barely misses you. The gnoll hits you with a +0 flail!
You die...
Your body crumbles into a pile of gold.

, ,
##............
,
.#.............
,
...............
...............
, ,
...............
,,
...............
* #......$g...#
, , ,,
#......@gS.# ,
........g......
.....#...##....
.... ##### ...
, ... ** . , .!
,* ,, > . , * ,
, * , *


You could see 3 gnolls and a ball python.

Vanquished Creatures
  Pargi (Sewer)
  A scorpion (D:4)
  The ghost of Triskal the Ducker, a weakling DsGl (D:3)
  5 gnolls
  4 adders
  A river rat (D:3)
  A worm (D:2)
  An orc (D:3)
  6 endoplasms
  3 giant cockroaches
  2 goblins
  3 hobgoblins
  3 jackals
  10 kobolds
  A quokka (D:1)
  8 ball pythons
  5 bats
  6 frilled lizards
  10 rats
72 creatures vanquished.

Notes
Turn   | Place    | Note
-------+----------+-------------------------------------------
     0 | D:1      | lunkers the Meteoran Wanderer began the quest for the Orb.
     0 | D:1      | lunkers set off with the following items: a +0 short sword,
                  | a +2 scale mail, a potion of lignification, a potion of
                  | heal wounds.
     0 | D:1      | Reached XP level 1. HP: 16/16 MP: 3/3
     8 | D:1      | You fall into a shaft and drop 1 floor!
   113 | D:1      | Reached XP level 2. HP: 12/23 MP: 5/5
   150 | D:1      | Found a faded altar of an unknown god.
   263 | D:1      | Reached XP level 3. HP: 28/28 MP: 6/6
   328 | D:1      | Found Cemureh's Antique Armour Shop.
   563 | D:2      | Reached XP level 4. HP: 27/35 MP: 7/7
   600 | D:2      | Found an opulent altar of Gozag.
   645 | D:2      | Became a worshipper of Gozag Ym Sagoz the Greedy
   877 | D:2      | Identified the amulet of Propriety {Reflect Str+2 SH+5}
   987 | D:3      | Reached XP level 5. HP: 38/40 MP: 8/8
  1058 | D:3      | Identified the +4 long sword "Cinops" {heavy, rElec Dex+3}
  1065 | D:3      | Found a glowing drain.
  1122 | Sewer    | Entered a sewer
  1255 | Sewer    | Noticed Pargi
  1282 | Sewer    | Killed Pargi
  1283 | Sewer    | Reached XP level 6. HP: 23/47 MP: 9/9
  1379 | D:3      | Found Judaopsow's Armour Shoppe.
  1379 | D:3      | Noticed an animated crystal plate armour
  1379 | D:3      | Noticed an animated plate armour
  1413 | D:3      | Found a runed translucent door.
  1413 | D:3      | Noticed Triskal's ghost (weakling DsGl)
  1438 | D:3      | Reached skill level 1 in Long Blades
  1488 | D:3      | Killed Triskal's ghost
  1596 | D:4      | Reached XP level 7. HP: 38/52 MP: 10/10
  1602 | D:4      | Slain by a gnoll

Illustrated notes

Levels and vault maps discovered:
D:1:      evilmike_arrival_come_back, layout_loops_ring, serial_shops,
          nicolae_shop_window_shopping, shapermc_ecumenical_altar_ellora
D:2:      kennysheep_six_static_rooms, layout_basic, basic_altar,
          minmay_pentomino_q2
D:3:      layout_basic, hellmonk_ghost_happy_afterlife, portal_sewer_entry_a,
          serial_shops, nicolae_shop_mannequins
D:4:      layout_cave_pools, nzn_hepliaklqana_mist_gate,
          mainiacjoe_overflow_tiny_flanked, temple_fountains

Skill      XL: |  1  2  3  4  5  6 |
---------------+-------------------+-----
Short Blades   | 2 3 4 6 |  6.0
Long Blades    | 4 |  4.1
Fighting       | |  1.1
Armour         | |  6.0
Stealth        | |  1.0
Spellcasting   | |  1.3
Invocations    | |  1.2

Action                     |  1- 3 |  4- 6 |  7- 9 || total
---------------------------+-------+-------+-------++-------
  Melee: Short sword       |    17 |       |       ||    17
         Dagger            |    60 |   119 |       ||   179
         Punch             |     1 |       |       ||     1
         Long sword        |       |    21 |     7 ||    28
    Use: Scroll            |     2 |     1 |       ||     3
         Potion            |       |     1 |       ||     1
 Armour: Scale mail        |    43 |    94 |    11 ||   148
  Dodge: Dodged            |    24 |    50 |    11 ||    85
  Block: Other             |       |    41 |     2 ||    43

Table legend: (Time is in decaauts)
 A = Elapsed time spent in this place.
 B = Non-inter-level travel time spent in this place.
 C = Inter-level travel time spent in this place.
 D = Time resting spent in this place.
 E = Time spent auto-exploring this place.
 F = Levels seen in this place.
 G = Mean time per level.
                   A        B        C        D        E       F      G
               +--------+--------+--------+--------+--------+-----+--------+
         Total |   1595 |   1573 |     22 |      0 |   1015 |   5 |  319.0 |
       Dungeon |   1425 |   1403 |     22 |      0 |    917 |   4 |  356.2 |
         Sewer |    170 |    170 |      0 |      0 |     98 |   1 |  170.0 |
               +--------+--------+--------+--------+--------+-----+--------+

Top non-repeatable levels by time:
     D:2: 600 daAuts
     D:3: 499 daAuts
     D:1: 304 daAuts
   Sewer: 170 daAuts
     D:4: 19 daAuts
